 Dungeon Crawl Stone Soup version 0.30-a0-1082-g70414cbcbb (webtiles) character file.

Game seed: 5227621995270150952

8889 jimonade the Thaumaturge (level 11, -7/72 (86) HPs)
             Began as a Gnoll Warper on Apr 15, 2023.
             Was a High Priest of Cheibriados.
             Mangled by a chaos spawn (8 damage)
             ... summoned by an orc high priest
             ... in a bailey.
             The game lasted 00:35:45 (8529 turns).

jimonade the Thaumaturge (Gnoll Warper)             Turns: 8529, Time: 00:35:46

HP:   -7/72 (86)    AC: 17    Str: 22    XL:     11   Next: 37%
MP:   21/23         EV: 19    Int: 24    God:    Cheibriados [*****.]
Gold: 230           SH:  0    Dex: 26    Spells: 10/26 levels left

rFire   . . .      SeeInvis .    b - +4 trident (venom)
rCold   . . .      Faith    .    (no shield)
rNeg    . . .      Spirit   .    m - +0 troll leather armour {Pargi}
rPois   .          Reflect  .    C - +2 helmet
rElec   .          Rampage  .    T - +2 cloak
rCorr   +                        (no gloves)
Will    .....                    r - +0 pair of boots
Stlth   ++++                     (no amulet)
HPRegen 1.12/turn                s - +4 ring of protection
MPRegen 0.18/turn                V - ring of resist corrosion

@: spiked, heavily drained, very slow
A: fangs 1, strong nose, distributed training
a: Renounce Religion, Bend Time, Temporal Distortion, Slouch, Step From Time


You were in a bailey.
You worshipped Cheibriados.
Cheibriados was extremely pleased with you.
You visited 2 branches of the dungeon, and saw 11 of its levels.
You also visited: Sewer, Ossuary and Bailey.

You collected 568 gold pieces.
You spent 338 gold pieces at shops.

Inventory:

Hand Weapons
 a - a +4 great sword
 b - a +4 trident of venom (weapon)
 K - a +0 hand axe of flaming
 Y - a +0 longbow
Missiles
 G - 21 poisoned darts
 Q - 3 throwing nets
Armour
 m - a +0 troll leather armour (worn) {Pargi}
 r - a +0 pair of boots (worn)
 C - a +2 helmet (worn)
 S - a +2 ring mail of poison resistance
 T - a +2 cloak (worn)
Jewellery
 s - a +4 ring of protection (left hand)
 V - a ring of resist corrosion (right hand)
Wands
 x - a wand of roots (21)
 A - a wand of mindburst (10) (quivered)
 L - a wand of acid (7)
 O - a wand of charming (13)
 P - a wand of flame (18)
 R - a wand of polymorph (12)
Scrolls
 c - 4 scrolls of blinking
 g - 2 scrolls of fear
 h - 4 scrolls of vulnerability
 k - 4 scrolls of enchant armour
 n - 2 scrolls of butterflies
 q - 2 scrolls of immolation
 t - 6 scrolls of teleportation
 y - 3 scrolls of enchant weapon
 B - 4 scrolls of poison
 D - a scroll of magic mapping
 E - a scroll of identify
 I - 4 scrolls of amnesia
 W - a scroll of fog
Potions
 e - a potion of magic {unknown}
 f - 3 potions of invisibility
 i - 9 potions of heal wounds
 o - 2 potions of flight {unknown}
 p - 2 potions of berserk rage {unknown}
 u - 7 potions of curing
 z - 2 potions of cancellation {unknown}
 F - 3 potions of brilliance
 H - 2 potions of lignification {unknown}
 J - 4 potions of might
 M - 2 potions of mutation {unknown}
 N - 2 potions of degeneration {unknown}
 X - 4 potions of attraction {unknown}


   Skills:
 + Level 8.0 Fighting
 + Level 6.4 Short Blades
 + Level 8.0 Long Blades
 + Level 6.4 Axes
 + Level 6.4 Maces & Flails
 + Level 6.4 Polearms
 + Level 6.4 Staves
 + Level 6.4 Ranged Weapons
 + Level 7.0 Throwing
 + Level 7.0 Armour
 + Level 8.0 Dodging
 + Level 6.4 Stealth
 + Level 6.4 Shields
 + Level 6.4 Unarmed Combat
 + Level 8.3 Spellcasting
 + Level 5.3 Conjurations
 + Level 5.3 Hexes
 + Level 5.3 Summonings
 + Level 5.3 Necromancy
 + Level 7.7 Translocations
 + Level 5.3 Transmutations
 + Level 5.3 Fire Magic
 + Level 5.3 Ice Magic
 + Level 5.3 Air Magic
 + Level 5.3 Earth Magic
 + Level 5.3 Poison Magic
 + Level 7.1 Invocations
 + Level 6.4 Evocations


You had 10 spell levels left.
You knew the following spells:

 Your Spells              Type           Power      Damage    Failure   Level
a - Blink                 Tloc           94%        N/A       1%          2
b - Lesser Beckoning      Tloc           94%        N/A       1%          2
c - Manifold Assault      Tloc           47%        N/A       2%          4
d - Scorch                Fire           70%        2d8       1%          2
e - Wereblood             Tmut           35%        N/A       1%          2
f - Airstrike             Air            17%        2d(3-19)  8%          4

Your spell library contained the following spells:

 Spells                   Type           Power      Damage    Failure   Level
 Beastly Appendage        Tmut           70%        N/A       1%          1
 Shock                    Conj/Air       100%       1d9       1%          1
 Sublimation of Blood     Necr           35%        N/A       1%          2
 Teleport Other           Tloc           47%        N/A       1%          3
 Vhi's Electric Charge    Tloc/Air       82%        N/A       1%          3
 Spider Form              Tmut/Pois      35%        N/A       2%          3
 Swiftness                Air            35%        N/A       2%          3
 Flame Wave               Conj/Fire      35%        2d10      8%          4
 Summon Cactus Giant      Summ           17%        N/A       75%         6
 Summon Hydra             Summ           17%        N/A       100%        7


Dungeon Overview and Level Annotations

Branches:
Dungeon (10/15)            Temple (1/1) D:5             Orc (0/2) D:10
  Sewer (visited)         Ossuary (visited)          Bailey (1/1)
   Lair: D:8-11

Altars:
Ashenzari
Cheibriados
Dithmenos
Elyvilon
Fedhas
Gozag
Hepliaklqana
Nemelex Xobeh
Okawaru
Qazlal
Ru
Sif Muna
Trog
Uskayaw
Vehumet
Wu Jian
Xom
Yredelemnul
Zin
The Shining One

Shops:
D:3 !   D:7 !*   D:9 ?   D:10 [

Annotations:
D:3 3 runed translucent doors, jimonade's ghost, amateur BaWr
D:6 exclusion: door, Dowan; Duvessa


Innate Abilities, Weirdness & Mutations

You have very sharp teeth.
Your uncanny sense of smell can sniff out nearby items.
Your experience applies equally to all skills.


Message History

The red devil hits you but does no damage.
You feel drained.
The orc high priest hits you with a +0 war axe.
You puncture the orc high priest!
The orc high priest looks as sick as possible!
Your bite misses the orc high priest.
The orc high priest is heavily wounded.
The red devil hits you with a +0 demon trident of draining!!
Barbed spikes become lodged in your body.
You feel drained.
* * * LOW HITPOINT WARNING * * *
The orc high priest utters an invocation to Beogh.
You hit the orc high priest.
The orc high priest looks as sick as possible!
Your bite misses the orc high priest.
The orc high priest is severely wounded.
The red devil closely misses you.
The orc high priest starts to sing a prayer.
The orc high priest utters an invocation to Beogh.
The smoke demon hits you but does no damage. x2
The smoke demon misses you.
You hit the orc high priest.
The orc high priest looks as sick as possible!
You bite the orc high priest, but do no damage.
The orc high priest is severely wounded.
The red devil disappears in a puff of smoke!
The orc high priest misses you. The smoke demon hits you.
* * * LOW HITPOINT WARNING * * *
The smoke demon misses you.
The smoke demon hits you but does no damage.
You hit the orc high priest.
The orc high priest looks as sick as possible!
The orc high priest is almost dead.
The orc high priest invokes the aid of Beogh against you.
Beogh smites you!
* * * LOW HITPOINT WARNING * * *
The chaos spawn hits you.
* * * LOW HITPOINT WARNING * * *
You are engulfed in flames!
You die...

#.....'. #..⌠..'.
#.....). #.....#)
#####''#. ∆∆
#......#. ∆∆
#..)...#. #.##
###########...#####
#....#4@...))8.8.8.#
#....4o3...#.......#
#+#..###############
∆#. ∆ #


You could see an orc high priest (extremely poisoned), a smoke demon (summoned),
a chaos spawn (summoned) and a red devil (summoned).

Vanquished Creatures
  A two-headed ogre (D:9)
  Maurice (D:8)
  2 polar bears (D:9)
  12 yaks
  2 wyverns (D:8)
  3 steam dragons
  Menkaure (Ossuary)
  An acid dragon (D:9)
  9 orc warriors
  3 ice beasts
  Pargi (Sewer)
  A wolf (D:9)
  A phantom (D:7)
  2 centaurs (D:8)
  2 kobold brigands (D:9)
  2 gnoll sergeants (D:7)
  2 scorpions
  7 bullfrogs
  5 wights (D:8)
  14 killer bees
  2 howler monkeys (D:6)
  3 electric eels
  9 orc priests
  8 hounds
  A gnoll bouda (D:8)
  3 iguanas
  15 orc wizards
  A centaur simulacrum (D:9)
  3 mummies (Ossuary)
  18 gnolls
  14 adders
  2 white imps
  3 howler monkey simulacra (D:9)
  2 ufetubi
  3 worms (D:3)
  4 dart slugs
  41 orcs
  13 ball pythons
  6 bats
  5 endoplasms
  4 giant cockroaches
  A gnoll zombie (Ossuary)
  7 hobgoblins
  9 jackals
  A quokka (D:1)
  5 frilled lizards
  6 gnoll skeletons (Ossuary)
  7 goblins
  5 goblin skeletons (Ossuary)
  2 goblin zombies (Ossuary)
  3 hobgoblin skeletons (Ossuary)
  4 hobgoblin zombies (Ossuary)
  16 kobolds
  3 kobold skeletons (Ossuary)
  7 kobold zombies (Ossuary)
  3 orc skeletons (Ossuary)
  6 orc zombies (Ossuary)
  2 rats
  5 rat skeletons (Ossuary)
  5 rat zombies (Ossuary)
329 creatures vanquished.

Vanquished Creatures (others)
  An iguana (D:7)
  An orc wizard (D:7)
2 creatures vanquished.

Grand Total: 331 creatures vanquished

Notes
Turn   | Place    | Note
-------+----------+-------------------------------------------
     0 | D:1      | jimonade the Gnoll Warper began the quest for the Orb.
     0 | D:1      | Reached XP level 1. HP: 20/20 MP: 6/6
   144 | D:1      | Reached XP level 2. HP: 16/26 MP: 7/7
   562 | D:1      | Reached skill level 5 in Spellcasting
   562 | D:1      | Reached XP level 3. HP: 30/31 MP: 7/9
   647 | D:1      | Reached skill level 1 in Invocations
   809 | D:2      | Reached skill level 1 in Short Blades
   809 | D:2      | Reached skill level 1 in Axes
   809 | D:2      | Reached skill level 1 in Maces & Flails
   809 | D:2      | Reached skill level 1 in Polearms
   809 | D:2      | Reached skill level 1 in Staves
   809 | D:2      | Reached skill level 1 in Ranged Weapons
   809 | D:2      | Reached skill level 1 in Stealth
   809 | D:2      | Reached skill level 1 in Shields
   809 | D:2      | Reached skill level 1 in Unarmed Combat
   809 | D:2      | Reached skill level 1 in Evocations
   822 | D:2      | Reached XP level 4. HP: 36/38 MP: 11/11
   922 | D:2      | Reached skill level 1 in Conjurations
   922 | D:2      | Reached skill level 1 in Hexes
   922 | D:2      | Reached skill level 1 in Summonings
   922 | D:2      | Reached skill level 1 in Necromancy
   922 | D:2      | Reached skill level 1 in Transmutations
   922 | D:2      | Reached skill level 1 in Fire Magic
   922 | D:2      | Reached skill level 1 in Ice Magic
   922 | D:2      | Reached skill level 1 in Air Magic
   922 | D:2      | Reached skill level 1 in Earth Magic
   922 | D:2      | Reached skill level 1 in Poison Magic
  1336 | D:2      | Reached XP level 5. HP: 31/43 MP: 12/12
  1808 | D:3      | Found a glowing drain.
  1848 | Sewer    | Entered a sewer
  1851 | Sewer    | Noticed Pargi
  1854 | Sewer    | Killed Pargi
  1855 | Sewer    | Reached skill level 5 in Fighting
  1855 | Sewer    | Reached skill level 5 in Long Blades
  1855 | Sewer    | Reached skill level 5 in Dodging
  1855 | Sewer    | Reached XP level 6. HP: 51/51 MP: 14/14
  2099 | D:3      | Learned a level 2 spell: Blink
  2102 | D:3      | Learned a level 2 spell: Lesser Beckoning
  2243 | D:3      | Found a runed translucent gate.
  2243 | D:3      | Found a runed translucent gate.
  2246 | D:3      | Found a runed translucent gate.
  2247 | D:3      | Noticed jimonade's ghost (amateur BaWr)
  2249 | D:3      | Identified the +4 short sword "Oppoigu" {flame, rC+ Str+3}
  2249 | D:3      | Identified the +0 leather armour of the Ward {rC- Regen+
                  | rCorr SInv}
  2293 | D:3      | Found a shimmering altar of Xom.
  2437 | D:3      | Found Yteucu's Distillery.
  2440 | D:3      | Bought a potion of curing for 30 gold pieces
  2743 | D:4      | Found a sparkling altar of Nemelex Xobeh.
  3090 | D:5      | Entered Level 5 of the Dungeon
  3159 | D:5      | Found a staircase to the Ecumenical Temple.
  3180 | D:5      | Found an ornate altar of the Wu Jian Council.
  3208 | D:5      | Found a sand-covered staircase.
  3217 | Ossuary  | Entered an ossuary
  3257 | Ossuary  | Reached XP level 7. HP: 56/56 MP: 15/15
  3689 | Ossuary  | Noticed Menkaure
  3701 | Ossuary  | Killed Menkaure
  4104 | D:5      | Reached XP level 8. HP: 63/63 MP: 16/16
  4197 | Temple   | Entered the Ecumenical Temple
  4207 | Temple   | Became a worshipper of Cheibriados the Contemplative
  4265 | D:5      | Found a shimmering blue altar of Sif Muna.
  4904 | D:6      | Found a blossoming altar of Fedhas.
  4990 | D:6      | Found a shadowy altar of Dithmenos.
  5224 | D:6      | Noticed Duvessa
  5224 | D:6      | Noticed Dowan
  5367 | D:7      | Reached * piety under Cheibriados
  5368 | D:7      | Reached XP level 9. HP: 56/69 MP: 18/18
  5390 | D:6      | Learned a level 4 spell: Manifold Assault
  5393 | D:6      | Learned a level 2 spell: Scorch
  5396 | D:6      | Learned a level 2 spell: Wereblood
  5556 | D:7      | Reached skill level 5 in Throwing
  5556 | D:7      | Reached skill level 5 in Armour
  5580 | D:7      | Found Buazin Lare's Distillery.
  5589 | D:7      | Bought a potion of might for 44 gold pieces
  5589 | D:7      | Bought a potion of heal wounds for 55 gold pieces
  5651 | D:7      | Found Qyrudos's General Store.
  5662 | D:7      | Bought a +2 ring mail of poison resistance for 198 gold
                  | pieces
  5784 | D:7      | HP: 1/71 [poisoned by a gnoll sergeant]
  6072 | D:7      | Reached ** piety under Cheibriados
  6073 | D:7      | Reached skill level 5 in Invocations
  6104 | D:7      | Found a glowing golden altar of the Shining One.
  6244 | D:7      | Found a stormy altar of Qazlal.
  6342 | D:7      | Found a basalt altar of Yredelemnul.
  6371 | D:7      | Found a radiant altar of Vehumet.
  6529 | D:8      | Reached skill level 5 in Short Blades
  6529 | D:8      | Reached skill level 5 in Axes
  6529 | D:8      | Reached skill level 5 in Maces & Flails
  6529 | D:8      | Reached skill level 5 in Polearms
  6529 | D:8      | Reached skill level 5 in Staves
  6529 | D:8      | Reached skill level 5 in Ranged Weapons
  6529 | D:8      | Reached skill level 5 in Stealth
  6529 | D:8      | Reached skill level 5 in Shields
  6529 | D:8      | Reached skill level 5 in Unarmed Combat
  6529 | D:8      | Reached skill level 5 in Evocations
  6529 | D:8      | Reached XP level 10. HP: 69/77 MP: 20/20
  6756 | D:8      | Noticed Maurice
  6760 | D:8      | Killed Maurice
  6876 | D:8      | Found a hazy altar of Hepliaklqana.
  6949 | D:8      | Reached *** piety under Cheibriados
  7493 | D:9      | Reached **** piety under Cheibriados
  7494 | D:9      | Reached skill level 5 in Conjurations
  7494 | D:9      | Reached skill level 5 in Hexes
  7494 | D:9      | Reached skill level 5 in Summonings
  7494 | D:9      | Reached skill level 5 in Necromancy
  7494 | D:9      | Reached skill level 5 in Transmutations
  7494 | D:9      | Reached skill level 5 in Fire Magic
  7494 | D:9      | Reached skill level 5 in Ice Magic
  7494 | D:9      | Reached skill level 5 in Air Magic
  7494 | D:9      | Reached skill level 5 in Earth Magic
  7494 | D:9      | Reached skill level 5 in Poison Magic
  7553 | D:9      | Reached XP level 11. HP: 85/85 MP: 20/22
  7649 | D:9      | Found Wiyrch's Magic Scroll Emporium.
  7666 | D:9      | Bought a scroll of noise for 11 gold pieces
  7822 | D:9      | Noticed a two-headed ogre
  7833 | D:9      | Killed a two-headed ogre
  8172 | D:10     | Entered Level 10 of the Dungeon
  8179 | D:10     | Found Burruos's Armour Shop.
  8255 | D:10     | Found a flagged portal.
  8279 | D:10     | Learned a level 4 spell: Airstrike
  8281 | Bailey   | Entered a bailey
  8513 | Bailey   | Noticed an orc high priest
  8514 | Bailey   | Reached ***** piety under Cheibriados
  8529 | Bailey   | HP: 1/72 [chaos spawn[an orc high priest] (5)]
  8529 | Bailey   | Mangled by a chaos spawn

Illustrated notes

Levels and vault maps discovered:
D:1:      minmay_arrival_open_corners, layout_basic
D:2:      cheibrodos_pilgrimage, layout_loops_cross, minivault_5,
          minmay_misc_feat_square
D:3:      layout_basic, overflow_temple_1_default, cheibrodos_sewer_entry_bend,
          biasface_ghost_orc_armoury, serial_shops,
          nicolae_shop_real_fake_doors, minmay_misc_feat_five,
          small_statue_intersection, minmay_ruptured
D:4:      layout_basic, nemelex_xobeh_ov_fountains_minmay
D:5:      layout_loops_cross, old_standard_altar, led_sif_book,
          minmay_temple_entry_statues, enter_ossuary_3
D:6:      dreamdust_elfheim, layout_basic, fedhas_altar_fruit_tree,
          nicolae_dithmenos_shadow_blocks, minmay_misc_feat_four_crosses
D:7:      layout_cave_pools, kennysheep_mini, mainiacjoe_overflow_big_doors,
          mainiacjoe_overflow_chevrons, serial_gnoll_camp, gnoll_camp_mini_shop,
          gnoll_camp_mini_house, gnoll_camp_mini_house, gnoll_camp_mini_shop,
          uniq_duvessa
D:8:      layout_gridville, mainiacjoe_overflow_surrounded_room,
          skrybe_limestone_x, uniq_maurice
D:9:      layout_cave_pools, serial_shops, nicolae_square_shop, serial_ice,
          serial_ice_k, serial_ice_m, serial_ice_f, serial_ice_h
D:10:     wad_woods_minihive, layout_basic, mainiacjoe_overflow_brackets,
          lightli_temple_of_fire, david_orc_2, serial_shops, shop,
          enter_bailey_2, serial_bayou_crossing, uniq_psyche, uniq_nergalle,
          uniq_gastronok
Temple:   hellmonk_temple_rainy
Bailey:   bailey_axe_of_yendor_kennysheep, bailey

Skill      XL: |  1  2  3  4  5  6  7  8  9 10 11 |
---------------+----------------------------------+-----
Spellcasting   | 5 6 7 8 |  8.3
Invocations    | 1 2 3 4 5 6 7 |  7.1
Short Blades   | 1 2 3 5 6 |  6.4
Axes           | 1 2 3 5 6 |  6.4
Maces & Flails | 1 2 3 5 6 |  6.4
Polearms       | 1 2 3 5 6 |  6.4
Staves         | 1 2 3 5 6 |  6.4
Ranged Weapons | 1 2 3 5 6 |  6.4
Stealth        | 1 2 3 5 6 |  6.4
Shields        | 1 2 3 5 6 |  6.4
Unarmed Combat | 1 2 3 5 6 |  6.4
Evocations     | 1 2 3 5 6 |  6.4
Conjurations   | 1 2 3 4 5 |  5.3
Hexes          | 1 2 3 4 5 |  5.3
Summonings     | 1 2 3 4 5 |  5.3
Necromancy     | 1 2 3 4 5 |  5.3
Transmutations | 1 2 3 4 5 |  5.3
Fire Magic     | 1 2 3 4 5 |  5.3
Ice Magic      | 1 2 3 4 5 |  5.3
Air Magic      | 1 2 3 4 5 |  5.3
Earth Magic    | 1 2 3 4 5 |  5.3
Poison Magic   | 1 2 3 4 5 |  5.3
Throwing       | 3 4 5 6 7 |  7.0
Armour         | 3 4 5 6 7 |  7.0
Fighting       | 5 6 7 8 |  8.0
Long Blades    | 5 6 7 8 |  8.0
Dodging        | 5 6 7 8 |  8.0
Translocations | 6 7 |  7.7

Action                     |  1- 3 |  4- 6 |  7- 9 | 10-12 || total
---------------------------+-------+-------+-------+-------++-------
  Melee: Falchion          |    70 |       |       |       ||    70
         Bite              |     9 |    13 |    39 |    33 ||    94
         Dagger            |    47 |   159 |   264 |       ||   470
         Punch             |       |     3 |    14 |    10 ||    27
         Trident           |       |       |    54 |   215 ||   269
         Great sword       |       |       |    15 |   106 ||   121
   Fire: Longbow           |       |    65 |   190 |    10 ||   265
   Cast: Wereblood         |       |       |    14 |    13 ||    27
         Scorch            |       |       |     5 |     8 ||    13
         Lesser Beckoning  |       |       |     1 |     9 ||    10
         Blink             |       |       |       |     2 ||     2
         Manifold Assault  |       |       |       |     6 ||     6
  Evoke: Wand              |       |     3 |     1 |     5 ||     9
    Use: Scroll            |       |     6 |       |    10 ||    16
         Potion            |       |       |     1 |     1 ||     2
   Stab: Sleeping          |       |     1 |     2 |     3 ||     6
 Armour: Leather armour    |    44 |       |       |       ||    44
         Ring mail         |     5 |    26 |       |       ||    31
         Troll leather arm |       |    32 |   114 |   141 ||   287
  Dodge: Dodged            |    83 |    89 |   238 |   354 ||   764

Table legend: (Time is in decaauts)
 A = Elapsed time spent in this place.
 B = Non-inter-level travel time spent in this place.
 C = Inter-level travel time spent in this place.
 D = Time resting spent in this place.
 E = Time spent auto-exploring this place.
 F = Levels seen in this place.
 G = Mean time per level.
                   A        B        C        D        E       F      G
               +--------+--------+--------+--------+--------+-----+--------+
         Total |   9966 |   9629 |    337 |    357 |   5796 |  14 |  711.9 |
       Dungeon |   8874 |   8549 |    325 |    243 |   5629 |  10 |  887.4 |
        Temple |     23 |     11 |     12 |      0 |      2 |   1 |   23.0 |
         Sewer |    150 |    150 |      0 |      0 |    104 |   1 |  150.0 |
       Ossuary |    628 |    628 |      0 |      0 |     61 |   1 |  628.0 |
        Bailey |    289 |    289 |      0 |    114 |      0 |   1 |  289.0 |
               +--------+--------+--------+--------+--------+-----+--------+

Top non-repeatable levels by time:
     D:9: 1302 daAuts
     D:8: 1295 daAuts
     D:7: 1237 daAuts
     D:2: 1000 daAuts
     D:6: 987 daAuts
     D:5: 950 daAuts
     D:3: 765 daAuts
     D:1: 748 daAuts
 Ossuary: 628 daAuts
     D:4: 475 daAuts
  Bailey: 289 daAuts
   Sewer: 150 daAuts
    D:10: 112 daAuts
  Temple: 23 daAuts
